Workbook

Sheet Instructions
A1: State of New Jersey - Technical Questionnaire Instructions
A2: Alternative Benefit Program (ABP) and Additional Contributions Tax-Sheltered Program (ACTS)
A3: Questions are organized into the following categories (there are separate tabs for each):
A5: 1 | B5: Organization and Market Focus (Section 1 and Section 1 - Counts)
A7: 2 | B7: Recordkeeping Services
A9: 3 | B9: Participant Experience
A11: 4 | B11: Plan Sponsor Experience (Section 4 and Section 4 - Client Service Team)
A13: 5 | B13: Investment Products
A15: 6 | B15: Fee Flexibility and Transparency
A17: 7 | B17: Custom Questions
A19: 8 | B19: Master Recordkeeper- Complete only if you are interested in participating as a Master Recordkeeper (optional)
A22: Within sections 1 and 2, specific attachments are requested. Please check the boxes below to indicate that these are being included with your response.
A28: Please include a copy of the following items with your response.
A40: Within Section 8, we ask you to attach an explanation of your approach/commitment for coordination service tools, and online verification/audit processes in relation to compliance with Section 508 of the Americans with Disabilities Act (ADA). Please check below that you included this attachment.
A44: ACKNOWLEDGEMENTS:
A46: Please confirm and acknowledge that your firm will cooperate and coordinate with the Data Coordinator selected.
A50: Bidder shall acknowledge its willingness to provide two (2) basis points (0.02%) to the Division of Pension and Benefits for administrative funding.
A54: Bidder shall acknowledge that it will not market or sell products, services, or investments other than those permitted under the contract.
A58: Bidder shall provide most recent SOC 1, 2, and/or 3 reports.

Sheet Section 1
C1: Vendor: | D1: [Enter Bidding Recordkeeper Firm Name]
A3: I. | B3: Question | C3: Answer Format | D3: Vendor Response | G3: Comments
B4: Organization and Market Focus
A5: 1 | B5: Has your firm merged with, been acquired by, or acquired another organization within the past five years? | C5: dropdown
A6: =+A5+1 -> 2 | B6: Indicate what year your firm became active in the defined contribution recordkeeping /administration business. | C6: number
A7: 3 | B7: Provide the total number of employees within your firm's defined contribution plan recordkeeping /administration business. | C7: number
A8: 4 | B8: Are the following services done in-house, or on an outsourced basis (e.g., partially or fully)? If outsourced provide the requested information.
B9: Recordkeeping/Administration | C9: dropdown
B10: Regulatory/Compliance | C10: dropdown
B11: Trustee/Custodial | C11: dropdown
B12: Communication/Education | C12: dropdown
B13: Conversion/Implementation | C13: dropdown
B14: Investment Advice | C14: dropdown
B15: Self-Directed Brokerage | C15: dropdown
A16: 5 | B16: What is the total number of participants (with an account balance) across all of the defined contribution plans of your firm that you recordkeep? | C16: number
A17: 6 | B17: What is the average size of the defined contribution plans (across all market segments) your firm provides recordkeeping services for?
B18: By Participant Count | C18: number
B19: By Asset Size | C19: number
A20: 7 | B20: Indicate how many governmental plans you currently recordkeep (across all market segments) for the following plan types in each of the following participant count ranges (provide response in the tab labeled "Section I - Counts")
A21: 8 | B21: Indicate how many governmental plans you currently recordkeep (across all market segments) by plan type in each of the following asset ranges (provide response in the tab labeled "Section I - Counts")
A22: 9 | B22: Indicate the number of new governmental plans you have added in the past 2 years (across all market segments) in each of the following participant count ranges (provide response in the tab labeled "Section I - Counts")
A23: 10 | B23: Indicate the number of new governmental plans you have added in the past 2 years (across all market segments) in each of the following asset ranges (provide response in the tab labeled "Section I - Counts")
A24: 11 | B24: How many defined contribution plans that you provided recordkeeping services for have you lost in the past two years? | C24: number
A25: 12 | B25: What was your firm's client retention rate over the last 5 years for defined contribution recordkept plans? | C25: number
A26: 13 | B26: What was your firm's total investment in defined contribution plan services technology for the last three years? | C26: number
A27: 14 | B27: What percentage of your client base is in the government market segment? | C27: number
A28: 15 | B28: Please provide the current credit rating of your organization from the following major rating services:
B29: Fitch | C29: text
B30: Moody's | C30: text
B31: Standard & Poor's | C31: text
B32: Weiss | C32: text
A33: 16 | B33: Does your service agreement contain a limit on liability? | C33: dropdown
A34: 17 | B34: Does your service agreement require gross negligence in order to accept liability? | C34: dropdown
A35: 18 | B35: Does your service agreement specify that your firm will maintain confidentiality of client data? | C35: dropdown
A36: 19 | B36: Does your service agreement have any penalties (other than investment fund penalties) if the client moves services from your firm within a specific amount of time? | C36: dropdown
A37: 20 | B37: If yes, what is the minimum timeframe for a client to terminate the agreement without incurring any termination fees? | C37: dropdown
A38: 21 | B38: Will you incorporate specific service standards into your service agreement? | C38: dropdown
A39: 22 | B39: If an error, by employees or contractors of your firm, results in a participant being in a less favorable position than they would have been in had the error not occurred, will your firm make the financial contribution necessary to put the participant in the position they would have been in had the error not | C39: dropdown
A40: 23 | B40: Does your firm have a written code of conduct or a set of standards for professional behavior? | C40: dropdown
A41: 24 | B41: Within the last 5 years, has your firm been subject to any litigation related to employee plan services denoted? If so, briefly describe in comments.
B42: Business Conduct | C42: dropdown
B43: Fiduciary Issues | C43: dropdown
B44: Fee Litigation | C44: dropdown
B45: Investments (other than ER stock) | C45: dropdown
B46: Trust Services | C46: dropdown
B47: Compliance | C47: dropdown
B48: Recordkeeping | C48: dropdown
B49: Employee Education | C49: dropdown
B50: Other | C50: text
A51: 25 | B51: What was your firm’s total investment in cybersecurity for the last three years? | C51: number
A52: 26 | B52: What was your firm’s total investment in participant fraud prevention for the last three years? | C52: number
A53: 27 | B53: Does your firm have a Chief Information Security Officer on staff? | C53: dropdown
A54: 28 | B54: If your firm has screen-scraping capabilities to capture outside participant data, does your insurance coverage provide for reimbursement of employee loss if your system is breached and third party information is stolen? | C54: dropdown
A55: 29 | B55: Does your firm adhere to the SPARK Institute standards for cybersecurity? | C55: dropdown
A56: 30 | B56: Are personnel trained on the protection of personal identifiable data? | C56: dropdown
A57: 31 | B57: Is this training required of all personnel or just those with access to personal identifiable information? | C57: dropdown
A58: 32 | B58: Is this training conducted on at least an annual basis? | C58: dropdown
A59: 33 | B59: Will your firm provide notice of any scheduled system outages at least 3 business days prior to the outage occurring? | C59: dropdown

Sheet Section 1 - Counts
A1: 1 | B1: Indicate how many governmental plans you currently recordkeep (across all market segments) for the following plan types in each of the following participant count ranges:
D2: 401(a) Government Plans | E2: 403(b) Government Plans | F2: Total
C3: < 100 participants | F3: =SUM(D3:E3) -> 0
C4: 100 - 499 participants | F4: =SUM(D4:E4) -> 0
C5: 500 - 999 participants | F5: =SUM(D5:E5) -> 0
C6: 1,000 - 4,999 participants | F6: =SUM(D6:E6) -> 0
C7: 5,000 - 9,999 participants | F7: =SUM(D7:E7) -> 0
C8: 10,000 - 14,999 participants | F8: =SUM(D8:E8) -> 0
C9: 15,000 - 19,999 participants | F9: =SUM(D9:E9) -> 0
C10: 20,000 or more participants | F10: =SUM(D10:E10) -> 0
C11: Total | D11: =SUM(D3:D10) -> 0 | E11: =SUM(E3:E10) -> 0 | F11: =SUM(F3:F10) -> 0
A13: 2 | B13: Indicate how many governmental plans you currently recordkeep (across all market segments) by plan type in each of the following asset ranges:
D14: =D2 -> 401(a) Government Plans | E14: =E2 -> 403(b) Government Plans | F14: Total
C15: Under 1 million | F15: =SUM(D15:E15) -> 0
C16: 1 - 5 million | F16: =SUM(D16:E16) -> 0
C17: > 5 - 25 million | F17: =SUM(D17:E17) -> 0
C18: > 25 - 100 million | F18: =SUM(D18:E18) -> 0
C19: > 100 - 500 million | F19: =SUM(D19:E19) -> 0
C20: > 500 million - 1 billion | F20: =SUM(D20:E20) -> 0
C21: > 1 billion | F21: =SUM(D21:E21) -> 0
C22: Total | D22: =SUM(D15:D21) -> 0 | E22: =SUM(E15:E21) -> 0 | F22: =SUM(F15:F21) -> 0
A24: 3 | B24: Indicate the number of new governmental plans you have added in the past 2 years (across all market segments) in each of the following participant count ranges:
D25: =D2 -> 401(a) Government Plans | E25: =E2 -> 403(b) Government Plans | F25: Total
C26: < 100 participants | F26: =SUM(D26:E26) -> 0
C27: 100 - 499 participants | F27: =SUM(D27:E27) -> 0
C28: 500 - 999 participants | F28: =SUM(D28:E28) -> 0
C29: 1,000 - 4,999 participants | F29: =SUM(D29:E29) -> 0
C30: 5,000 - 9,999 participants | F30: =SUM(D30:E30) -> 0
C31: 10,000 - 14,999 participants | F31: =SUM(D31:E31) -> 0
C32: 15,000 - 19,999 participants | F32: =SUM(D32:E32) -> 0
C33: 20,000 or more participants | F33: =SUM(D33:E33) -> 0
C34: Total | D34: =SUM(D26:D33) -> 0 | E34: =SUM(E26:E33) -> 0 | F34: =SUM(F26:F33) -> 0
A36: 4 | B36: Indicate the number of new governmental plans you have added in the past 2 years (across all market segments) in each of the following asset ranges:
D38: =D2 -> 401(a) Government Plans | E38: =E2 -> 403(b) Government Plans | F38: Total
C39: Under 1 million | F39: =SUM(D39:E39) -> 0
C40: 1 - 5 million | F40: =SUM(D40:E40) -> 0
C41: > 5 - 25 million | F41: =SUM(D41:E41) -> 0
C42: > 25 - 100 million | F42: =SUM(D42:E42) -> 0
C43: > 100 - 500 million | F43: =SUM(D43:E43) -> 0
C44: > 500 million - 1 billion | F44: =SUM(D44:E44) -> 0
C45: > 1 billion | F45: =SUM(D45:E45) -> 0
C46: Total | D46: =SUM(D39:D45) -> 0 | E46: =SUM(E39:E45) -> 0 | F46: =SUM(F39:F45) -> 0
A48: 5 | B48: Within the last 5 years, has your firm been subject to any litigation related to employee plan services denoted?
A49: 6 | B49: Indicate your total defined contribution assets under management
A50: 7 | B50: Indicate your total 401(a) plan assets under management
A51: 8 | B51: Indicate your total 403(b) plan assets under management (not top hat)
A52: 9 | B52: Provide three (3) current client references that are higher education organizations and three (3) terminated (within last five (5) years) higher education client references that are similar to the ABP/ACTS in organizational structure:

Sheet Section 2
C1: Vendor: | D1: ='Section 1'!D1 -> [Enter Bidding Recordkeeper Firm Name]
A3: II. | B3: Question | C3: Answer Format | D3: Vendor Response | G3: Comments
A4: II. | B4: Recordkeeping Services
A5: 1 | B5: Based on the plan documentation provided, can your firm recordkeep the plan without manual intervention or workarounds? If no: | C5: dropdown
B6: Which provisions require manual intervention or workarounds? | C6: text
B7: What are your firm’s future plans for automating the administration of the above provision(s) on your system? | C7: text
B8: What is the expected timing for implementing the automation of the above provision(s)? | C8: text
A9: 2 | B9: Do you provide an administration manual and/or individual administrative procedures? | C9: dropdown
A10: 3 | B10: Is the administration manual and/or individual administrative procedures generic for all clients or customized for each client based on their plan provisions and contracted services? | C10: dropdown
A11: 4 | B11: How frequently is the administration manual and/or individual administrative procedures reviewed and updated by the client servicing team? | C11: dropdown
A12: 5 | B12: Do you train the client on the administration manual and/or individual administrative procedures when there is a change in personnel? | C12: dropdown
A13: 6 | B13: What is your cut-off time for processing transactions? | C13: dropdown
A14: 7 | B14: How often are the Web, Voice and recordkeeping systems adjusted so that they are in sync? | C14: dropdown
A15: 8 | B15: Does the Web and Voice system alert the participant that they are about to make a transaction in a fund that may be subject to redemption fees? | C15: dropdown
B16: If so, does it show the approximate amount? | C16: dropdown
A17: 9 | B17: Will your firm communicate directly with participants who have violated excessive trading restrictions imposed by the funds in the plan? | C17: dropdown
B18: If no, can you support the client with appropriate information, such as participant level reports of excessive trading, so that the client can communicate with participants who have violated excessive trading restrictions? | C18: dropdown
A19: 10 | B19: Are confirmation notices provided to participants for account transactions such as transfers/exchanges, investment election changes, deferral rate changes and enrollment? | C19: dropdown
A20: 11 | B20: How many payroll feeds will you accept per year without any additional charge? Note, there are over 1,800 payroll feeds annually for the State of NJ. | C20: dropdown
A21: 12 | B21: Will you accept “full” payroll files (including the indicative data) for all employees (even those not eligible) each pay period? | C21: dropdown
A22: 13 | B22: Do you require that contribution and indicative data be provided in your preferred format? | C22: dropdown
A23: 14 | B23: When an error is discovered in data transmitted to you, how does your firm handle it? | C23: dropdown
A24: 15 | B24: How much time is needed from the receipt of clean payroll data to process the file and post contributions? | C24: dropdown
A25: 16 | B25: Can you accept ACH debit for funding of contributions? | C25: dropdown
A26: 17 | B26: Will you automatically send enrollment materials to newly eligible employees? | C26: dropdown
A27: 18 | B27: Do the enrollment materials include a summary of plan features (similar to a Summary Plan Description)? | C27: dropdown
A28: 19 | B28: Through which channels can employees enroll in the plan (i.e., web, voice, call center, paper form, mobile app)? | C28: text
A29: 20 | B29: Can you accommodate Roth contributions? | C29: dropdown
A30: 21 | B30: Can a participant elect regular deferrals (i.e., pre-tax and Roth but not catch-up) in percentage and/or dollar amounts? | C30: dropdown
A31: 22 | B31: Are percentage elections for any deferral type (regular or catch-up) required to be in whole percentages? | C31: dropdown
A32: 23 | B32: Are contribution rate changes allowed via:
B33: Web | C33: dropdown
B34: Voice | C34: dropdown
B35: Call center representative | C35: dropdown
B36: Paper form | C36: dropdown
B37: Mobile app | C37: dropdown
A38: 24 | B38: Will you monitor 402(g) limits on a per-pay-period basis, and notify the client if a participant exceeds the limit? | C38: dropdown
B39: If so, how do you process the contribution for the participant who exceeds the 402(g) limit? | C39: dropdown
A40: 25 | B40: Do participants need to self-certify rollovers, or will you collect and review rollover documentation and approve the rollover without plan sponsor involvement? | C40: dropdown
A41: 26 | B41: Can you accommodate Roth rollovers? | C41: dropdown
A42: 27 | B42: Can you accommodate in-plan Roth conversions? | C42: dropdown
A43: 28 | B43: Do you perform data edits for missing data, data inconsistencies and plan restrictions on the electronic data you receive? | C43: dropdown
A44: 29 | B44: How do you provide payroll information regarding the following to clients?
B45: New loans | C45: dropdown
B46: Loan payoffs and/or payroll frequency changes | C46: dropdown
B47: Participant-elected deferral elections | C47: dropdown
A48: 30 | B48: Within the last 5 years, has your firm been subject to any litigation related to employee plan services denoted? | C48: dropdown
A49: 31 | B49: Can transfers/exchanges be processed in the following manner: | C49: dropdown
A50: 32 | B50: Do you offer automatic rebalancing based on current elections? | C50: dropdown
A51: 33 | B51: What is the standard turnaround time (in business days) for mailing the following withdrawal/distribution checks?
B52: In-service withdrawal checks | C52: dropdown
B53: Termination distribution checks | C53: dropdown
B54: Loan checks | C54: dropdown
A55: 34 | B55: Do you provide a loan policy for plans that offer loans? | C55: dropdown
A56: 35 | B56: Can the plan loan policy be made available to participants upon request (regardless of whether your firm created it)? | C56: dropdown
A57: 36 | B57: Are general purpose loans available on a paperless basis (assuming there are no spousal consent requirements)? | C57: dropdown
A58: 37 | B58: For primary residence loans, do participants need to self-certify primary residence loans or will your firm collect, review and maintain the appropriate documentation, and approve the loan without client involvement? | C58: dropdown
A59: 38 | B59: Can loan proceeds be direct deposited into a participant's bank account (assuming the participant provides you with his/her banking information)? | C59: dropdown
A60: 39 | B60: What is the standard process if the loan payment received is different than what is expected? | C60: dropdown
A61: 40 | B61: Do you monitor loan delinquencies and automatically provide notice of the delinquent loan to participants (prior to default) without any client involvement? | C61: dropdown
A62: 41 | B62: If you provide notice of a loan delinquency to participants (prior to default), when does the notice go out? | C62: dropdown
A63: 42 | B63: Do you default delinquent loans according to the cure period specified in the plan document or loan policy without any client involvement? | C63: dropdown
A64: 43 | B64: Do you provide notice of a loan default to participants? | C64: dropdown
A65: 44 | B65: For active employees with outstanding loans, can ongoing loan repayments be made via:
B66: Personal check | C66: dropdown
B67: Cashier’s check | C67: dropdown
B68: Money order | C68: dropdown
B69: ACH | C69: dropdown
B70: None of the above | C70: dropdown
A71: 45 | B71: For participants on a leave of absence with an outstanding loan, can ongoing loan repayments be made via:
B72: Personal check | C72: dropdown
B73: Cashier's check | C73: dropdown
B74: Money order | C74: dropdown
B75: ACH | C75: dropdown
B76: None of the above | C76: dropdown
A77: 46 | B77: For terminated participants with an outstanding loan, can ongoing loan repayments be made via:
B78: Personal check | C78: dropdown
B79: Cashier's check | C79: dropdown
B80: Money order | C80: dropdown
B81: ACH | C81: dropdown
B82: None of the above | C82: dropdown
A83: 47 | B83: Can you accept loan payoffs via:
B84: Personal check | C84: dropdown
B85: Cashier's check | C85: dropdown
B86: Money order | C86: dropdown
B87: ACH | C87: dropdown
B88: None of the above | C88: dropdown
A89: 48 | B89: If a loan payoff is received for more than the required payoff amount, will you cut a check directly to the participant for the excess amount? | C89: dropdown
A90: 49 | B90: For participants on an unpaid leave of absence (nonmilitary) with an outstanding loan, will you monitor the 12-month suspension (if applicable) and reamortize their loan upon their return from LOA? | C90: dropdown
A91: 50 | B91: For participants on an unpaid leave of absence (military) with an outstanding loan, will you reamortize their loan upon their return from LOA and extend the payoff date, if possible? | C91: dropdown
A92: 51 | B92: If the client notifies you that a participant is on military leave, will you adjust their loan interest rate so that it does not exceed the 6% maximum (if applicable), as required under USERRA? | C92: dropdown
A93: 52 | B93: Can your system prevent participants from taking a new loan if they have defaulted on a prior loan (assuming only one loan allowed)? | C93: dropdown
A94: 53 | B94: The State requires the bidding vendors to collect, review, and approve unforeseen emergency withdrawals. Will you collect, review and maintain the needed documentation and approve the withdrawals without client involvement? | C94: dropdown
A95: 54 | B95: Which of the following will your firm handle without requiring client review/approval? Indicate all that apply.
B96: Age 59½ withdrawal | C96: dropdown
B97: Other in-service withdrawals (non-unforeseen emergency) | C97: dropdown
B98: Termination distributions | C98: dropdown
B99: Distributions due to disability | C99: dropdown
B100: Distributions due to death | C100: dropdown
A101: 55 | B101: Can withdrawal/distribution proceeds be directly deposited into a participant's bank account (assuming the participant provides you with his/her banking information)? | C101: dropdown
...

Sheet Section 3
C1: Vendor: | D1: ='Section 1'!D1 -> [Enter Bidding Recordkeeper Firm Name]
B3: Question | C3: Answer Format | D3: Vendor Response | G3: Comments
A4: III. | B4: Participant Experience
A5: 1 | B5: What are the hours a call center representative is available? (ET)
B6: Monday - Friday | C6: text
B7: Saturday | C7: text
B8: Sunday | C8: text
A9: 2 | B9: What is the average wait time before a call is answered? | C9: dropdown
A10: 3 | B10: What is the percentage of issues resolved on the first call to a call center representative? | C10: dropdown
A11: 4 | B11: If an issue requires further research, what is the maximum timeframe to contact the participant with a status update? | C11: dropdown
A12: 5 | B12: What is the average time to resolve an issue that is not resolved on the first call? | C12: dropdown
A13: 6 | B13: Are all participant calls recorded? | C13: dropdown
A14: 7 | B14: How long are participant call recordings retained? | C14: dropdown
A15: 8 | B15: If a client requests a recording of a call, how long does it typically take to provide to the client? | C15: dropdown
A16: 9 | B16: Can your firm provide reporting on topics being discussed with participants? | C16: dropdown
A17: 10 | B17: Are call center representatives assigned specifically to certain clients, or do they take calls for any client? | C17: dropdown
A18: 11 | B18: Does your call center employ a skills based routing system whereby participant calls are directed to an appropriate representative based on (for example) the complexity of the issue/request, the participant's particular age/life stage, etc.? | C18: dropdown
A19: 12 | B19: Does your firm's call center offer Spanish-speaking representatives? | C19: dropdown
A20: 13 | B20: Is access to languages other than English or Spanish provided through Language Line or some other means? | C20: dropdown
A21: 14 | B21: Can participants communicate with call center representatives via secure e-mail? | C21: dropdown
B22: If yes, do you retain a history of these emails? | C22: dropdown
B23: How long are participant emails retained? | C23: dropdown
B24: Provide the statistical turnaround times for the past six (6) months | C24: Text
A25: 15 | B25: Can participants communicate with call center representatives via live chat? | C25: dropdown
B26: If yes, do you retain a history of these chat communications? | C26: dropdown
A27: 16 | B27: How long are participant chat communications retained? | C27: dropdown
A28: 17 | B28: Will call center representatives walk participants through your online investment guidance and/or advice tools? | C28: dropdown
A29: 18 | B29: What kind of licenses/credentials do you require for call center representatives?
B30: NASD Series 6 | C30: dropdown
B31: NASD Series 7 | C31: dropdown
B32: NASD Series 63 | C32: dropdown
B33: NASD Series 65 | C33: dropdown
B34: ASPPA - QKA | C34: dropdown
B35: ASPPA - QPA | C35: dropdown
B36: ASPPA - CPC | C36: dropdown
B37: Other: | C37: dropdown
A38: 19 | B38: Provide the information needed to access a demo of your participant website.
B39: Web address | C39: text
B40: User ID | C40: text
B41: Password/PIN | C41: text
B42: Password/PIN expiration date | C42: text
B43: Other information needed: | C43: text
A44: 20 | B44: Provide your current website availability percentage over the prior 12 months. | C44: dropdown
A45: 21 | B45: What options exist for customizing / branding the website for the client? | C45: dropdown
A46: 22 | B46: Can custom client messages or announcements be posted on the website? | C46: dropdown
B47: If so, can messaging be targeted (for example, by location, age, etc.)? | C47: dropdown
A48: 23 | B48: Within the last 5 years, has your firm been subject to any litigation related to employee plan services denoted? | C48: dropdown
A49: 24 | B49: Can a link be posted on the client's intranet which takes participants directly to your website without requiring the participant to log in again? | C49: dropdown
A50: 25 | B50: If a participant has multiple accounts with your firm (e.g., prior employer accounts, IRA, etc.), are all accounts accessible via a single sign-in? | C50: dropdown
A51: 26 | B51: If the client has multiple defined contribution plans being recordkept by your firm, can you provide consolidated statements? | C51: dropdown
A52: 27 | B52: Can account data be imported directly into personal finance applications or websites (e.g., Quicken or Mint.com)? | C52: dropdown
A53: 28 | B53: How many years of history can be displayed on the website? | C53: dropdown
A54: 29 | B54: Is the following inquiry functionality available on the website?
B55: Balance by fund | C55: dropdown
B56: Current outstanding loan balance | C56: dropdown
B57: Current deferral rate(s) | C57: dropdown
B58: Current investment elections | C58: dropdown
B59: Current beneficiary elections | C59: dropdown
B60: Personal rate of return | C60: dropdown
B61: Investment performance history | C61: dropdown
B62: Pending transactions | C62: dropdown
B63: Loan modeling | C63: dropdown
B64: Loan payoff amount / instructions | C64: dropdown
B65: Prior quarterly statements | C65: dropdown
B66: Fund prospectuses | C66: dropdown
... B70: On-site representative contact instructions | C70: dropdown
A71: 30 | B71: Is the following transaction functionality available on the website?
B72: Create and change user ID | C72: dropdown
B73: Change PIN / password | C73: dropdown
B74: Enrollment | C74: dropdown
B75: Change deferral rate(s) | C75: dropdown
B76: Change investment elections | C76: dropdown
B77: Rebalance account | C77: dropdown
B78: Enroll in automatic rebalancing | C78: dropdown
B79: Transfers / exchanges | C79: dropdown
B80: Enroll in automatic increase | C80: dropdown
B81: Elect or change beneficiary | C81: dropdown
B82: Request in-service withdrawal | C82: dropdown
B83: Request final distribution | C83: dropdown
... B86: Request statement on demand, for prior quarterly statements | C86: dropdown
A87: 31 | B87: Do you offer an online retirement income projection or "gap analysis" tool? | C87: dropdown
A88: 32 | B88: If yes, does your online retirement income projection tool:
B89: Project Social Security benefits | C89: dropdown
B90: Offer default assumptions with the flexibility for the participant to change assumptions | C90: dropdown
B91: Allow participants to manually enter other retirement income sources such as spousal benefits, IRAs or other personal savings, etc. | C91: dropdown
B92: Incorporate automatic data collection and aggregation from other financial institutions (if the participant provides the necessary account login information) | C92: dropdown
B93: Provide suggestions to participants for improving results (by increasing their deferral rate or investing more aggressively, for example) | C93: dropdown
A94: 33 | B94: Do you provide lifetime income projections:
B95: On the website | C95: dropdown
B96: On the participant statement | C96: dropdown
A97: 34 | B97: Do you provide a separate periodic statement to participants with projected lifetime income information? | C97: dropdown
A98: 35 | B98: Do you provide a separate periodic statement to participants with projected "gap analysis" information? | C98: dropdown
A99: 36 | B99: Do you provide a modeling tool on the website to help participants project retirement spending needs? | C99: dropdown
A100: 37 | B100: Do you provide a cash flow modeling tool to help participants compare various withdrawal strategies? | C100: dropdown
A101: 38 | B101: Can a notification be displayed on the website for employees who do not have a beneficiary election? | C101: dropdown
A102: 39 | B102: Are pre-recorded generic financial education webinars available to participants on the website? | C102: dropdown
A103: 40 | B103: If yes, are any of your pre-recorded educational webinars available in Spanish? | C103: dropdown
A104: 41 | B104: Can your firm create and record customized, client-specific webinars for plan participants? | C104: dropdown
A105: 42 | B105: Can your firm conduct live customized, client-specific webinars for plan participants? | C105: dropdown
A106: 43 | B106: Can your firm conduct XXX on-site group education meetings for employees for the first year? | C106: dropdown
...

Sheet Section 4
C1: Vendor: | D1: ='Section 1'!D1 -> [Enter Bidding Recordkeeper Firm Name]
B3: Question | C3: Answer Format | D3: Vendor Response | G3: Comments
A4: IV. | B4: Plan Sponsor Experience
A5: 1 | B5: What are the minimum education requirements required for plan administrators before working on client plans? | C5: dropdown
A6: 2 | B6: What are the minimum education requirements required for relationship managers before working on client plans? | C6: dropdown
A7: 3 | B7: What are the minimum years of industry experience required for plan administrators before working on client plans? | C7: dropdown
A8: 4 | B8: What are the minimum years of industry experience required for relationship managers before working on client plans? | C8: dropdown
A9: 5 | B9: What kind of licenses/credentials do you require for the Plan Administrator?
B10: NASD Series 6 | C10: dropdown
B11: NASD Series 7 | C11: dropdown
B12: NASD Series 63 | C12: dropdown
B13: NASD Series 65 | C13: dropdown
B14: ASPPA - QKA | C14: dropdown
B15: ASPPA - QPA | C15: dropdown
B16: ASPPA - CPC | C16: dropdown
B17: None | C17: dropdown
B18: Other (specify in Comments) | C18: dropdown
A19: 6 | B19: What kind of licenses/credentials do you require for the Relationship Manager?
B20: NASD Series 6 | C20: dropdown
B21: NASD Series 7 | C21: dropdown
B22: NASD Series 63 | C22: dropdown
B23: NASD Series 65 | C23: dropdown
B24: ASPPA - QKA | C24: dropdown
B25: ASPPA - QPA | C25: dropdown
B26: ASPPA - CPC | C26: dropdown
B27: None | C27: dropdown
B28: Other (specify in Comments) | C28: dropdown
A29: 7 | B29: What is the average number of clients serviced by the following team members for this market segment?
B30: Plan Administrator | C30: dropdown
B31: Relationship Manager | C31: dropdown
A32: 8 | B32: What is the average internal tenure for your employees in the following roles?
B33: Plan Administrator | C33: dropdown
B34: Relationship Manager | C34: dropdown
A35: 9 | B35: What is the average external tenure for your employees in the following roles?
B36: Plan Administrator | C36: dropdown
B37: Relationship Manager | C37: dropdown
A38: 10 | B38: In what ways do you monitor client satisfaction? Indicate all that apply:
B39: Self-driven client satisfaction survey (specify frequency in Comments) | C39: dropdown
B40: External independent third party surveys (specify frequency and name of firm in Comments) | C40: dropdown
B41: Measurable service guarantees | C41: dropdown
B42: Other (specify in Comments) | C42: dropdown
B43: Do not monitor | C43: dropdown
A44: 11 | B44: If a team member's compensation is based on client satisfaction, indicate which team members are subject to this measurement.
B45: Plan Administrator | C45: dropdown
B46: Relationship Manager | C46: dropdown
B47: Communication Specialist | C47: dropdown
B48: Within the last 5 years, has your firm been subject to any litigation related to employee plan services denoted? | C48: dropdown
B49: Conversion Specialist | C49: dropdown
B50: On-site representative | C50: dropdown
A51: 12 | B51: Does your firm maintain a client advisory board to discuss system/service enhancements? | C51: dropdown
A52: 13 | B52: If your firm has a client advisory board in place, how often does the board meet each year? | C52: dropdown
A53: 14 | B53: How frequently are team members willing to meet in person with the client to review plan statistics, demographics, communications, etc.? | C53: dropdown
A54: 15 | B54: If there are service standards in place (regardless of whether or not they are part of your service agreement), how frequently will the team members measure and report results back to the client? | C54: dropdown
A55: 16 | B55: Is it your normal practice to assign a communication specialist to the client / plan? | C55: dropdown
A56: 17 | B56: Can you develop a custom communication campaign that reflects the client's culture, branding and messaging (not just their logo)? | C56: dropdown
A57: 18 | B57: How do you measure the success of each communication campaign completed each year? | C57: dropdown
A58: 19 | B58: Can you provide retirement related articles for clients to use in the client's in-house newsletters? | C58: dropdown
A59: 20 | B59: Provide the information needed to access a demo of your plan sponsor website.
B60: Web address | C60: text
B61: User ID | C61: text
B62: Password/PIN | C62: text
B63: Password/PIN expiration date | C63: text
B64: Other information needed | C64: text
A65: 21 | B65: What plan-level information is available on the plan sponsor website?
B66: Balance by fund | C66: dropdown
B67: Investment performance history | C67: dropdown
B68: Fund prospectuses | C68: dropdown
B69: Fund fact sheets | C69: dropdown
B70: Plan document | C70: dropdown
B71: Plan highlights / summary of plan provisions | C71: dropdown
B72: Loan policy | C72: dropdown
B73: Plan administration manual | C73: dropdown
B74: QDRO procedures | C74: dropdown
B75: Plan service reviews | C75: dropdown
B76: Service agreement | C76: dropdown
B77: Participant communications | C77: dropdown
A78: 22 | B78: What other features are available on the plan sponsor website?
B79: Team calendar | C79: dropdown
B80: Regulatory calendar | C80: dropdown
B81: Administrative scorecard / Service Level Agreement results | C81: dropdown
B82: Secure exchange of documents and files | C82: dropdown
B83: Transaction approval for loans / withdrawals | C83: dropdown
B84: Transact business on participant's behalf | C84: dropdown
B85: Participant indicative data changes | C85: dropdown
B86: Create custom messages to appear on the participant website | C86: dropdown
B87: Regulatory / legislative updates from your firm | C87: dropdown
B88: Research, surveys and other thought leadership from your firm | C88: dropdown
A89: 23 | B89: Is the client required to use the participant's Social Security Number when reviewing a participant's account? | C89: dropdown
A90: 24 | B90: Is the client able to access detailed participant-level information via the plan sponsor website? | C90: dropdown
A91: 25 | B91: How many years of participant-level history can be accessed through the plan sponsor website? | C91: dropdown
A92: 26 | B92: Are different levels of access to the plan sponsor website available based on a client contact's role (for example, an HR contact could access participant level data but a Finance contact could only access plan level data)? | C92: dropdown
A93: 27 | B93: Can access to the plan sponsor website be based on organizational structure (for example, a contact for ABC division would only be able to see data for ABC division)? | C93: dropdown
A94: 28 | B94: Does your firm offer a library of standard reports available on the plan sponsor website? | C94: dropdown
A95: 29 | B95: Does the client have the ability to create custom ad-hoc reports on the plan sponsor website? | C95: dropdown
A96: 30 | B96: How quickly are custom ad-hoc reports typically available after request through the plan sponsor website? | C96: dropdown
A97: 31 | B97: Can reports generated off of the plan sponsor website be run based on location or division (assuming the client is providing the appropriate location or division codes)? | C97: dropdown
A98: 32 | B98: Is the client able to save an ad-hoc report they developed through the plan sponsor website as a template for future use? | C98: dropdown
A99: 33 | B99: Can the client schedule the templates created (based on the question above) to be run at a future date? | C99: dropdown
A100: 34 | B100: Can reports generated off of the plan sponsor website be downloaded to Excel? | C100: dropdown
... A115: 49 | B115: Will your firm assist the State in identifying and correcting any operational failures, including providing suggested steps to resolve failures and calculation of corrective contributions and lost earnings in a manner consistent with methods supported under the IRS Employee Plans Compliance Resolution System correction and other IRS regulations and guidance? (Yes/No) If No, please explain. | C115: dropdown

Sheet Section 4 - Client Team
B1: Vendor: | C1: ='Section 1'!D1 -> [Enter Bidding Recordkeeper Firm Name]
B3: Question | C3: Vendor Response
A4: VI. | B4: Client Team
A5: 1 | B5: Do you currently have staff located in the State of New Jersey that would provide services to the State under this contract? ? If so identify the numbers of employees by their functional roles:
B6: Role | C6: Number of Employees
B7: Plan Administrator
B8: Relationship Manager
B9: Communication Specialist
B10: Conversion Specialist
B11: On-site/Education Representatives
B12: Other
A13: 2 | B13: Do you currently have an office located in the State of New Jersey? If yes, list the locations. If no, where is the closest office located?
A14: 3 | B14: If account team members or services are provided from multiple locations, explain how the team/service will be coordinated and managed.
A15: 4 | B15: How do you ensure that account continuity and knowledge are maintained on the account from initial planning through implementation and ongoing servicing throughout the term of the contract?
A16: 5 | B16: Other than the State, how many accounts would the State’s Field Service Representatives be responsible for?
A17: 6 | B17: If not geographical, how would participants be assigned to each Field Service Representative?
A18: 7 | B18: Would you need to hire any additional staff in order to service the State’s account? (Yes/No). If yes, please describe.
A19: 8 | B19: Would any representatives assigned to the State’s Plan not be employees of your firm? Please describe.
A20: 9 | B20: Please describe your process for hiring the appropriate number of field service representatives to service this relationship.
A21: 10 | B21: How will these discussions be handled (e.g., in person, via telephone)?
A22: 11 | B22: Describe your process to ensure that field service representatives will be available and prepared to accommodate the transition and implementation plan.
A23: 12 | B23: It is a requirement that your field service representatives who provide enrollment and education services are not compensated on a commissioned or incentive basis to promote any investment product or services. Fully describe the field service representative’s and On- site Representative’s compensation structure and any incentive award methods that you employ to maintain an objective and unbiased distribution of products and service to the plan participants.
A24: 13 | B24: Describe the organizational structure of the field service representatives who will service this relationship, including the following:
B25: Location
B26: Staffing (including functions to be performed)
B27: Hours of operation
B28: Handling pre-scheduled consultations
B29: Handling walk-ins
B30: Activities supported by field service representatives (education, enrollments, inquiries, retirement, and participant advisory services)

Sheet Section 5
C1: Vendor: | D1: ='Section 1'!D1 -> [Enter Bidding Recordkeeper Firm Name]
B3: Question | C3: Answer Format | D3: Vendor Response | G3: Comments
A4: V. | B4: Investment Products
A5: 1 | B5: Do you offer a self-directed brokerage account option? | C5: dropdown
A6: 2 | B6: Can restrictions be placed on the types of securities that will be offered for the self-directed brokerage option? | C6: dropdown
A7: 3 | B7: Can trading be restricted to mutual funds only for the self-directed brokerage option? | C7: dropdown
A8: 4 | B8: Are there limits on the amount of money that can be directed to the self-directed brokerage option? | C8: dropdown
B9: If yes, who sets the limit for the self-directed brokerage option? | C9: dropdown
B10: If no, can the client set a limit for the for the self-directed brokerage option? | C10: dropdown
B11: If no, for participants that allocate 100% of their account balance to the brokerage window, will your firm automatically sell holdings in the self-directed brokerage option to satisfy the payment of administrative fees, loans requested, etc.? | C11: dropdown
A12: 5 | B12: Is additional education given to participants using the self-directed brokerage option? | C12: dropdown
A13: 6 | B13: Can the participant use their own broker for the self-directed brokerage option? | C13: dropdown
A14: 7 | B14: Who is your trading partner for the self-directed brokerage option? | C14: text
A15: 8 | B15: Do you offer a web-based participant investment advice product? | C15: dropdown
A16: 9 | B16: If multiple providers are offered, at what level is the choice of provider made? | C16: dropdown
A17: 10 | B17: Will the provider(s) named above take on a fiduciary role with respect to the advice they provide to plan participants? | C17: dropdown
A18: 11 | B18: Is the information from your recordkeeping system fed directly into the investment advice software? | C18: dropdown
A19: 12 | B19: Do you offer a managed account product for participants, with the authority to make investment decisions delegated to an investment professional? | C19: dropdown
B20: If yes, who is the provider? | C20: text
A21: 13 | B21: Will the provider(s) named above take on a fiduciary role with respect to the investment decisions they make on behalf of participants? | C21: dropdown
A22: 14 | B22: Is the information from your recordkeeping system fed directly to the managed account provider? | C22: dropdown
A23: 15 | B23: If you offer a managed account product for participants, does it include a drawdown feature (provider allocates participant assets for income and manages the annual amount paid from the plan)? | C23: dropdown
A24: 16 | B24: Do you offer a cash flow modeling tool, to help participants compare various withdrawal strategies? | C24: dropdown
A25: 17 | B25: Can your investment platform accommodate managed payout fund options? | C25: dropdown
A26: 18 | B26: Can you facilitate the purchase of annuities outside the plan as options for plan distributions at retirement (for example, through an annuity purchase window)? | C26: dropdown
A27: 19 | B27: Do you provide any of the following in-plan insurance-based retirement income products?
B28: Fixed income annuities | C28: dropdown
B29: Variable income annuities | C29: dropdown
B30: Variable income annuities with a guaranteed minimum withdrawal benefit | C30: dropdown
B31: Within the last 5 years, has your firm been subject to any litigation related to employee plan services denoted? | C31: dropdown
A32: 20 | B32: If you provide any in-plan insurance-based retirement income products:
B33: If the participant terminates employment, is their annuity benefit portable? | C33: dropdown
B34: Are the plan's annuity investments portable if the client changes recordkeepers? | C34: dropdown
B35: Do you partner with third-party middleware providers (DST, Sungard) to report retirement income fund balances for individuals who have terminated or plans that have left your platform? | C35: dropdown
A36: 21 | B36: If yes, provide the credit rating for the insurance company offering the annuity from the following major rating services:
B37: Fitch | C37: text
B38: Moody's | C38: text
B39: Standard & Poor's | C39: text
B40: Weiss | C40: text
B41: If you don't currently offer an in-plan retirement income product, do you have any plans to implement one? | C41: dropdown

Sheet Section 6
C1: Vendor: | D1: ='Section 1'!D1 -> [Enter Bidding Recordkeeper Firm Name]
B3: Question | C3: Answer Format | D3: Vendor Response | G3: Comments
A4: VI. | B4: Fee Flexibility and Transparency
A5: 1 | B5: How frequently will team members review fees with the client? | C5: dropdown
A6: 2 | B6: Under a gross pricing arrangement, can your fees be paid from plan assets in the following manner?
B7: Dollar per participant | C7: dropdown
B8: Basis points | C8: dropdown
B9: Combination asset based + dollars | C9: dropdown
A10: 3 | B10: Under a gross pricing arrangement where your fees are paid from plan assets on a per capita (dollar per participant) basis, can exceptions be made for the following participants?
B11: Participants with balances below a certain threshold (as defined by the client) | C11: dropdown
B12: Participants with less than a certain amount of service (as defined by the client) | C12: dropdown
B13: Participants with different status codes (active versus terminated) | C13: dropdown
B14: Unique participant / SSN across multiple plans | C14: dropdown
B15: If you answered other for any of the above, please explain: | C15: text
A16: 4 | B16: Under a gross pricing arrangement where your fees are paid from plan assets, is the transaction clearly reflected in the participants' accounts as a separate line item and labeled as a fee? | C16: dropdown
A17: 5 | B17: Under a gross pricing, dollar per participant pricing methodology how is the number of participants defined? | C17: dropdown
A18: 6 | B18: Define the timing of fee deductions from participant accounts. If other, please explain. | C18: dropdown
A19: 7 | B19: Will you set up an expense budget account for the plan? | C19: dropdown
A20: 8 | B20: If an expense budget account is available, is it part of the plan assets or is it a bookkeeping arrangement outside of the plan? | C20: dropdown
A21: 9 | B21: If an expense budget account is set up, how frequently do you provide a reconciliation report to the client? | C21: dropdown
A22: 10 | B22: If an expense budget account is set up, how is the money invested? Indicate all that apply.
B23: Plan’s investments – the way in which the money was deducted | C23: dropdown
B24: Plan’s investments – as directed by the plan sponsor’s investment elections | C24: dropdown
B25: Plan’s QDIA | C25: dropdown
B26: Investment(s) not offered under the Plan’s investment menu | C26: dropdown
B27: Proprietary fund fixed product (e.g. money market, stable value) | C27: dropdown
B28: Fixed product (e.g. money market, stable value) | C28: dropdown
B29: Other (specify in Comments) | C29: dropdown
A30: 11 | B30: How can the assets in the expense budget account be used?
B31: Pay eligible plan expenses | C31: dropdown
B32: Allocate to participants | C32: dropdown
B33: Offset gross fees and then allocate any excess to participants | C33: dropdown
A34: 12 | B34: If an expense budget account is only available as a bookkeeping arrangement outside of the plan, what happens to any money remaining in the account at year end? | C34: dropdown
A35: 13 | B35: When assets from the expense budget account are allocated to participants, how is the transaction reflected in the participant accounts? | C35: dropdown
A36: 14 | B36: When revenue sharing is rebated to a participant (at a fund level, as required under the minimum qualifications), how is the transaction reflected in the participant accounts? | C36: dropdown
A37: 15 | B37: Is your system capable of charging third party (e.g., consultant) fees back to participant accounts as a:
B38: Per capita flat dollar amount | C38: dropdown
B39: Pro rata amount based on account balance | C39: dropdown
B40: Ongoing expense charge via an additional pro rata or per capita charge | C40: dropdown
A41: 16 | B41: For third party fees paid from participant accounts, is the transaction clearly reflected in the participant accounts as a separate line item and labeled as a fee? | C41: dropdown
A42: 17 | B42: In general, how often are fees reviewed to determine if fee changes are required? If other, please explain. | C42: dropdown
A43: 18 | B43: Will you proactively provide reporting of your performance against the service standards? | C43: dropdown
A44: 19 | B44: Within the last 5 years, has your firm been subject to any litigation related to employee plan services denoted? | C44: dropdown
A45: 20 | B45: If your firm retains "float" income as additional earnings, will you disclose these earnings to the client? | C45: dropdown
A46: 21 | B46: Will your firm agree to return "float" income to the client/plan? | C46: dropdown
B47: If yes, how often will your firm agree to return "float" income to the client/plan? | C47: dropdown
B48: Does your firm (including any affiliate of your firm) ever receive revenue sharing on the mutual fund assets held in the plan's self-directed brokerage accounts? | C48: dropdown
B49: If so, will you report the amount of revenue sharing received to the client? | C49: dropdown
B50: Can the revenue sharing received be used to offset your firm's recordkeeping fees? | C50: dropdown
A51: 22 | B51: Does your firm retain any of the fees paid for investment advice and managed account products offered in the plan? | C51: dropdown
B52: If so, will you report the fees received to the client? | C52: dropdown

Sheet Section 7 - Custom Questions
C1: Vendor: | D1: ='Section 1'!D1 -> [Enter Bidding Recordkeeper Firm Name]
B3: Question | C3: Answer Format | D3: Vendor Response
B4: Questions Customized for the State of New Jersey
B5: Organization and Market Focus
A6: 1 | B6: Describe the hardware platform and software system you would use to record keep and administer the Plan for the State. | C6: text, limit to 50 words
A7: 2 | B7: Was the software developed internally, leased, or purchased from another provider? Who has the ultimate responsibility/authority to make sure the software remains current with respect to laws, regulations, and client needs? | C7: text, limit to 50 words
A8: 3 | B8: How long have you used these systems for deferred compensation recordkeeping? How often is the system upgraded? | C8: text, limit to 50 words
A9: 4 | B9: Are you planning any major change in the software or hardware supporting your recordkeeping system in the next 24 months? | C9: dropdown
B10: If yes, please describe. | C10: text, limit to 50 words
A11: 5 | B11: What is your plan for keeping your organization on the cutting edge of employee communication, education, and investment information? | C11: text, limit to 50 words
A12: 6 | B12: At any time, has the company been assessed a fine by federal or state regulators or agreed to pay a settlement(s) regarding market-timing and/or after-hours trading? | C12: dropdown
B13: If yes, please provide the fine or settlement amount(s). | C13: text, limit to 50 words
A14: 7 | B14: If your company has been fined by federal or state regulators, what steps or measures were taken to correct the violations and to ensure that market-timing and/or after-hours trading does not occur in the future? | C14: text, limit to 50 words
A15: 8 | B15: Has the company conducted an internal review to determine if excessive market timing and/or after-hours trading have occurred in the funds? | C15: dropdown
B16: If yes, what was the outcome of the internal review? If not, why? | C16: text, limit to 50 words
B17: Describe any pending agreements to merge or sell your company. | C17: text, limit to 50 words
B18: Recordkeeping Services
A19: 9 | B19: Can you accept manual edits, adjustments, and indicative participant data changes to the contribution input file (i.e., the payroll/deferral file from the State) | C19: dropdown
A20: 10 | B20: Does your system handle Federal and, if applicable, State tax reporting? Confirm your ability to prepare 1099R Tax Forms and issue tax statements to participants who receive distributions, including forms and tax statements for distributions and related filings. | C20: dropdown
A21: 11 | B21: Would your firm maintain separate accounting of plan deferrals and rollovers from other plans? | C21: dropdown
A22: 12 | B22: What assistance would you typically provide to the Plan’s auditors, both internal and external? | C22: text, limit to 50 words
A23: 13 | B23: What capability do you have to provide participant information to agents of the State, such as actuaries, auditors, and attorneys? What kind of turnaround time can be anticipated? | C23: text, limit to 50 words
A24: 14 | B24: How will you ensure that the Plan remains in compliance with all applicable federal and state statutes and regulations? | C24: text, limit to 50 words
A25: 15 | B25: How do you ensure that your recordkeeping system is in compliance with all applicable federal and state statutes, rules and regulations, the State plan document, and the contract? | C25: text, limit to 50 words
A26: 16 | B26: How quickly are changes in the law reflected in the recordkeeping system and procedures? | C26: text, limit to 50 words
A27: 17 | B27: What are your customization capabilities for participant statements? | C27: dropdown
A28: 18 | B28: Are your recordkeeping and trust systems fully integrated, including the ability to electronically feed data between the two? | C28: dropdown
A29: 19 | B29: How do you ensure that the plan website is kept up-to-date, including online administrative forms, investment and performance data, and plan information? | C29: text, limit to 50 words
A30: 20 | B30: In the situation whereby a participant calls the VRS but does not properly complete the transaction, how do you retain a record that a call was placed but the transaction was not properly executed? How is notice of the incomplete transaction given to the participant? | C30: text, limit to 50 words
A31: 21 | B31: Describe how the VRS, Internet, and Customer Service Center’s workstation are linked to the central recordkeeping system. How often is the data uploaded and refreshed? | C31: text, limit to 50 words
B32: Participant Experience
A33: 22 | B33: Describe the training program and licensing requirements for the onsite field service representatives and 1-800 customer service representatives who will be providing services to the State. Focus on call center and field representative skills, use of call center equipment, benefit training, HR training, customer service, problem resolution, and other customer service and field representative training areas. | C33: text, limit to 50 words
A34: 23 | B34: At what point in the call can a participant elect to move from the VRS to an operator? Are there directions provided for bypassing the VRS to transfer directly to an operator? | C34: text, limit to 50 words
A35: 24 | B35: Provide a link to demonstrate your web-based retirement planning calculators. | C35: text, limit to 50 words
A36: 25 | B36: Provide a link to demonstrate your web-based educational materials. | C36: text, limit to 50 words
A37: 26 | B37: How would you determine the number of CSR’s to use for/dedicate to the State’s plan? How many other clients would those CSR’s serve? | C37: text, limit to 50 words
A38: 27 | B38: Describe any services or programs you provide for participants terminating employment with the State. | C38: text, limit to 50 words
A39: 28 | B39: Describe your process to assist participants who elect to transfer their 457(b) account assets to purchase service credits. | C39: text, limit to 50 words
A40: 28 | B40: Describe your proposed strategy for coordinating and integrating plan education and communication activities and materials with those of the PERS (defined benefit) retirement system. | C40: text, limit to 50 words
A41: 29 | B41: Based upon the stated plan demographics (active/eligible participants, total plan assets, work-site locations, etc.), please confirm you are including 3 dedicated full-time field service representatives in your fee quote with unlimited group meeting days per year. | C41: dropdown
B42: Plan Sponsor Experience
A43: 30 | B43: What is your turn-around time following quarter end for providing quarterly investment asset reports to be used to conduct investment performance analyses? | C43: dropdown
A44: 31 | B44: Can you include other printed information, prepared by the State, with the mailing of statements to participants | C44: dropdown
A45: 32 | B45: Will your firm provide a fee disclosure (similar to ERISA plan participant fee disclosures) to plan participants, allowing edits from the State? | C45: dropdown
A46: 33 | B46: When was the date of your last client/participant satisfaction survey? Describe the results. | C46: text, limit to 50 words
A47: 34 | B47: Describe your assumptions regarding the State’s role in the communication, education, and enrollment process. | C47: text, limit to 50 words
A48: 35 | B48: Within the last 5 years, has your firm been subject to any litigation related to employee plan services denoted? | C48: dropdown
B49: Investment Products
A50: 36 | B50: Indicate whether your advisory service (advice and/or managed accounts) is through a partnership or other relationship with an outside company, and if so, please identify that associated company. Describe your due diligence process for selecting the partner and what services are provided. | C50: text, limit to 50 words
A51: 37 | B51: Describe the difference between your Internet investment education tools and software and your investment advisory services. | C51: text, limit to 50 words
A52: 38 | B52: Does your investment advisory service produce asset allocation recommendations? | C52: dropdown
A53: 39 | B53: Does your investment advisory service recommend specific funds? | C53: dropdown
A54: 40 | B54: Please describe the degree to which you tailor your advice services to different types of investors. | C54: text, limit to 50 words
A55: 41 | B55: Describe each component of the information and advice provided, including those related to asset allocation time horizons and risk profiles, to future retirement income needs, and to assessing the impact of different asset allocations on retirement income. | C55: text, limit to 50 words
A56: 42 | B56: Describe all material facts and assumptions on which such models are based and how these facts and assumptions are disclosed to participants. Describe how the facts and assumptions are communicated. | C56: text, limit to 50 words
A57: 43 | B57: Please describe how your investment advice model materially differs from other competing advice providers and how yours would result in superior investment advice to participants. | C57: text, limit to 50 words
A58: 44 | B58: Where services are adopted by clients, what percentage of participants have subscribed to the following investment advisory services, provide sample employer reports regarding these programs:
B59: Point-in-time advice provided via 1-800# | C59: text
B60: Delivered by onsite rep for participant to adopt and update point-in-time | C60: text
B61: Managed accounts | C61: text
A62: 45 | B62: Describe the rules for transferring from the core options into the brokerage accounts and vice- versa. Are there any restrictions with respect to the transfer of balances between your core defined contribution investment alliance funds and the self-directed brokerage account? | C62: text, limit to 50 words
A63: 46 | B63: How are self-directed brokerage account balances treated for purposes of the following:
B64: Regular benefit or unforeseeable emergency distributions | C64: text, limit to 50 words
B65: IRC required and minimum distributions | C65: text, limit to 50 words
B66: Domestic relations orders | C66: text, limit to 50 words
B67: Death benefit claims | C67: text, limit to 50 words
B68: Federal tax levies | C68: text, limit to 50 words
A69: 47 | B69: During what hours of the day are client service brokerage representatives available to respond to participant trading questions and inquiries? | C69: text
A70: 48 | B70: Do participants receive a detailed account summary of all assets held in the brokerage account? | C70: dropdown
A71: 49 | B71: How often are statements sent? | C71: text
A72: 50 | B72: What information from the self-directed brokerage account is reflected and reported on the core participant quarterly statement? | C72: text, limit to 50 words
A73: 51 | B73: Are quarterly plan-level reports provided to the plan sponsor? | C73: dropdown
A74: 52 | B74: Describe any third parties involved in offering of the self-directed brokerage account services and explain their role. | C74: text, limit to 50 words
B75: Conversion
A76: 53 | B76: Would your organization require a test conversion of prior valuation and reconciliation of assets to balance before conversion? How is the test conducted? | C76: text, limit to 50 words
A77: 54 | B77: Describe the file formats you are capable of supporting to covert the existing TIF file records of historical file documentation for the individual members of the 457(b) and 401(a) plans. | C77: text, limit to 50 words
A78: 55 | B78: Identify comparable plan conversions in which you have been involved. How many conversions and plan implementations has your company conducted involving 135,000 eligible employees or more and how many involving 35,000 employees or more? | C78: text, limit to 50 words
A79: 56 | B79: Describe the anticipated work-plan of activities, responsibilities, and time frames for transition to the Master Recordkeeper model. Provide a detailed transition plan, including timetable, responsibility chart, and data/information required from the Division of Pension and Benefits and the Data Coordinator. | C79: text, limit to 50 words
A80: 57 | B80: What primary issues would your company raise as potential delays or problems to transition? What recommendations would be made to forestall or resolve potential problems? | C80: text, limit to 50 words
A81: 58 | B81: Describe your ability to work with the Data Coordinator to increase the efficiency of the transition. | C81: text, limit to 50 words
B82: Other
A83: 59 | B83: Indicate the percentage of participant services delivered through the following vehicles:
B84: On-site representative | C84: %
B85: Voice response system | C85: %
B86: Phone service representative | C86: %
B87: Internet | C87: %
B88: Other | C88: %
B89: TOTAL | C89: 1
A90: 60 | B90: Describe the trustee and/or custodian services that are included in this proposal. | C90: text
A91: 61 | B91: Some members of the ABP plan also participate in the State's pension plan. Once these individuals retire from the State and start taking their pension payments, they are no longer eligible to contribute to the ABP. In some cases, these individuals continue to work for the State. If the State provides your firm with a list of ineligible retirees that fit this description, are you able to adjust your systems to ensure these individuals do not contribute to the ABP? | C91: dropdown
A92: 62 | B92: Using the same scenario as noted in question 63 above, if you are the Master Recordkeeper, and the State provides your firm with a list of retirees ineligible to make ABP contributions, are you able to forward these ineligible retirees to the other open vendors? | C92: dropdown
A93: 63 | B93: Using the same scenario as noted in question 63 above, if you are an open vendor, and the Master Recordkeeper sends your firm a list of retirees ineligible to make ABP contributions, are you able update your systems to ensure these individuals do not contribute to the ABP? | C93: dropdown
A94: 64 | B94: Using the same scenario as noted in question 63 above, whether you are an open vendor or the Master Recordkeeper, are you able to provide reporting back to the State that indicates ineligible retirees that have contributions on the payroll file(s)? | C94: dropdown

Sheet Section 8 - Master RK
C1: Vendor: | D1: ='Section 1'!D1 -> [Enter Bidding Recordkeeper Firm Name]
B3: Question | C3: Answer Format | D3: Vendor Response | G3: Comments
A4: VI. | B4: Master Recordkeeper Services
B5: For the purpose of this section, a “Master Recordkeeper Service” refers to the ability of your firm to coordinate certain services for the client among other recordkeepers that the client may allow, or may have allowed, deferrals and/or contributions to be made into their system held products. Complete this tab only if you are interested in participating as a Master Recordkeeper (optional), in addition to providing Standard Services as investment/service provider.
A6: 1 | B6: Master Recordkeeper Service Suite Availability:
B7: Compliance Coordination : Response | C7: dropdown
B8: Common Remitter : Response | C8: dropdown
B9: Enrollment/Transaction Coordination : Response | C9: dropdown
A10: 2 | B10: Organization
B11: What year did your firm begin offering Master Recordkeeper service? | C11: To the year
B12: Number of sponsors using Master Recordkeeper and/or master recordkeeper services? | C12: Integer
B13: Healthcare (Other than Hospitals) – Not-for-Profit | C13: Integer
B14: Healthcare (Other than Hospitals) – For profit | C14: Integer
B15: Hospitals and Hospital Systems – Not-for Profit | C15: Integer
B16: Hospitals and Hospital Systems – For Profit | C16: Integer
B17: Higher Education | C17: Integer
B18: K-12 Education | C18: Integer
B19: Other Education | C19: Integer
B20: Religious Institution | C20: Integer
B21: Governmental Institutions | C21: Integer
B22: Other Nonprofit Organization | C22: Integer
... B24: Other For Profit Organization | C24: Integer
A25: 3 | B25: Number of sponsors using single source and/or master recordkeeper services?
B26: 401(k) | C26: Integer
B27: 403(b) Plans | C27: Integer
B28: 457(b) Governmental Plans | C28: Integer
B29: 457(b) Non-governmental Plans (non-qualified top hat plan) | C29: Integer
B30: 401(a) (standalone) | C30: Integer
B31: Money Purchase Pension Plans | C31: Integer
B32: 457(f) Plans | C32: Integer
B33: Non-qualified Deferred Comp Plans (409A / 415(m)) | C33: Integer
B34: ESOP Plans | C34: Integer
B35: KSOP Plans | C35: Integer
B36: Estimated annual budget allocated to enhancing/maintaining your firm's single source and/or master recordkeeper service. | C36: Dollars
A37: 4 | B37: What recordkeepers currently share files with your firm?
B38: American Century | C38: dropdown
B39: Aspire | C39: dropdown
B40: AXA/Equitable | C40: dropdown
B41: Corebridge (fka: VALIC/AIG) | C41: dropdown
B42: Empower | C42: dropdown
B43: Empower (legacy MassMutual) | C43: dropdown
B44: Empower ( legacy Prudential) | C44: dropdown
B45: Fidelity | C45: dropdown
B46: Lincoln | C46: dropdown
B47: MetLife | C47: dropdown
B48: OneAmerica | C48: dropdown
B49: Principal | C49: dropdown
... B69: 2022: Common Remitter | C69: Integer
A70: 5 | B70: Please indicate which of the following recordkeepers you currently have information sharing agreements (ISA) Please indicate N/A for your firm.
B71: American Century | C71: dropdown
B72: Aspire | C72: dropdown
B73: AXA/Equitable | C73: dropdown
B74: Corebridge (fka: VALIC/AIG) | C74: dropdown
B75: Empower | C75: dropdown
B76: Empower (legacy MassMutual) | C76: dropdown
B77: Empower ( legacy Prudential) | C77: dropdown
B78: Fidelity | C78: dropdown
B79: Lincoln | C79: dropdown
B80: MetLife | C80: dropdown
B81: OneAmerica | C81: dropdown
B82: Principal | C82: dropdown
... B90: If requested, would you be able to furnish referrals that the sponsor could contact regarding your single source and/or master recordkeeper services? | C90: dropdown
B91: Conversion
A92: 6 | B92: What is the minimum amount of time (in calendar days) that you need to implement the following solutions on your platform with recordkeepers already on your platform? Note: Maximum is 6 months. Please attach a detailed transition timeline.
B93: Compliance Coordinator: Response | C93: Integer
B94: Common/Payroll Aggregator: Response | C94: Integer
B95: Enrollment/Transaction Coordination: Response | C95: Integer
B96: What is the minimum amount of time (in calendar days) that you need to implement the following solutions on your platform for a recordkeeper not already on your platform? Note: Maximum is 6 months. Please attach a detailed transition timeline.
B97: Compliance Coordinator: Response | C97: Integer
B98: Common/Payroll Aggregator: Response | C98: Integer
B99: Enrollment/Transaction Coordination: Response | C99: Integer
A100: 7 | B100: What level of involvement should the Division of Pension and Benefits have in the implementation? What time commitment should Division of Pension and Benefits personnel expect with regard to the transition? | C100: text, limit to 50 words
B101: Compliance Coordination
A102: 8 | B102: Is your compliance coordinator solution an online tool or a manual process? | C102: dropdown
A103: 9 | B103: Describe the level of involvement the client has with the third party and your role in the relationship. | C103: text, limit to 100 words
A104: 10 | B104: Does your firm provide an audit package for the client's use that also includes information for any other active / frozen recordkeeper assets? | C104: dropdown
A105: 11 | B105: If no, how do you support the client in the audit of the plan for frozen asset transactions? | C105: text, limit to 100 words
A106: 12 | B106: Do you coordinate with other recordkeepers to provide demographic updates, i.e., terminated, LOA, etc. | C106: dropdown
A107: 13 | B107: How do you keep the client up-to-date on loan defaults that take place at other recordkeeper's platforms? | C107: dropdown
A108: 14 | B108: Explain the process for tracking loans with other active/frozen recordkeepers. | C108: text, limit to 100 words
A109: 15 | B109: Does your Compliance Coordinator website have the ability to display respective balances at other active/frozen recordkeepers. | C109: dropdown
A110: 16 | B110: What is the most frequent period participant balances can be updated with asset values held at other active/frozen recordkeepers? | C110: dropdown
A111: 17 | B111: Does your Compliance Coordinator website have the ability to display recordkeepers' names associated with the assets at other recordkeepers? | C111: dropdown
A112: 18 | B112: Does the Compliance Coordinator tool have the ability to include projected benefits on a participant web page? | C112: dropdown
B113: If yes, can the sponsor choose a default rate of return projection? | C113: dropdown
B114: If yes, can participants enter outside assets? | C114: dropdown
A115: 19 | B115: Does the Compliance Coordinator tool provide notice to participants that they should access a frozen/active recordkeepers' website for the most up-to-date information? | C115: dropdown
A116: 20 | B116: Do you provide survey regarding the Compliance Coordinator website for participants to complete upon completing first session | C116: dropdown
A117: 21 | B117: Are the plan rules for your Compliance Coordinator solution integrated with the rules database of your main the recordkeeping system? | C117: dropdown
A118: 22 | B118: Does your Compliance Coordinator solution provide/support the following across all active/frozen recordkeepers?
B119: Contract Exchanges: Response | C119: dropdown
B120: Required Minimum Distributions: Response | C120: dropdown
B121: QDROs : Response | C121: dropdown
A122: 23 | B122: Does your Compliance Coordinator solution calculate the maximum amounts available based on the plan's rules and data for all active/frozen recordkeepers?
B123: Maximum loan amount permissible : Response | C123: dropdown
B124: Maximum in-service withdrawal amounts : Response | C124: dropdown
B125: Maximum Hardship/Unforeseen emergency withdrawal amounts : Response | C125: dropdown
A126: 24 | B126: What is the preferred method for funding the following?
B127: Loan amount: Response | C127: dropdown
B128: In-service withdrawal amounts: Response | C128: dropdown
...

Sheet Drawdown Data (hide this tab)
A2: 1: Yes | B2: 1: Not Provided | C2: 1: In the U.S. | D2: 1: Always a fee | E2: 1: Internally | F2: 1: Optional | G2: 1: Administration manual only | H2: 1: Generic | I2: 1: Never | J2: 1: Yes | K2: 1: Market close | L2: 1: > 1 day | M2: 1: Web only | N2: 1: 12 | O2: 1: Reject Entire File | P2: 1: < 24 hours | Q2: 1: Neither | R2: 1: Web | S2: 1: Participant self-certification only | T2: 1: Yes | U2: 1: File transmission to payroll system (EFT) | V2: 1: Monthly | W2: 1: Balance realignment in percentages | X2: 1: Over 5 days | Y2: 1: Participant self-certification only | Z2: 1: Post payment as received | AA2: 1: Immediately after 1st payment missed | AB2: 1: Participant self-certify only | AC2: 1: Yes | AD2: 1: No | AE2: 1: Daily | AF2: 1: No | AG2: 1: Yes, without client involvement | AH2: 1: Selected by the participant | AI2: 1: Yes, service provided in-house | AJ2: 1: 0 | AK2: 1: Annually | AL2: 1: > 48 hours | AM2: 1: Monthly | AN2: 1: < 7 years | AO2: 1: Less than 2 years | AP2: 1: Automatically netted against any positive contribution | AQ2: 1: Post entire contribution (notify client of issue) | AR2: 1: 3 days or less | AS2: 1: 100% | AT2: 1: Keep same amortization schedule | AU2: 1: Execution of new loan agreement required | AV2: 1: Yes | AW2: 1: 24 hours | AX2: 1: < 4 weeks | AY2: 1: < 4 weeks | AZ2: 1: Yes - generic template only | BA2: 1: Initial announcement of recordkeeper selection / upcoming transition | BB2: 1: Yes | BC2: 1: Yes | BD2: 1: Yes, Spark I | BE2: 1: Approve transactions with information available | BF2: 1: Automated | BG2: 1: Yes, electronic available | BH2: 1: Do not track loans at other recordkeepers | BI2: 1: Daily | BJ2: 1: Funding is based on assets held only at our firm | BK2: 1: Website | BL2: 1: Not Available | BM2: 1: > 95% | BN2: 1: more than 48 hours | BO2: 1: Dedicated | BP2: 1: < 1 year | BQ2: 1: 99% or more | BR2: 1: Include client logo on website | BS2: 1: 1 year | BT2: 1: Yes | BU2: 1: No | BV2: 1: 99% or more | BW2: 1: Inquiry Only | BX2: 1: High School Diploma | BY2: 1: None | BZ2: 1: > 25 clients | CA2: 1: 5 years or less | CB2: 1: Annually | CC2: 1: Annually | CD2: 1: Develop custom “before and after” metrics | CE2: 1: 1 year | CF2: 1: Immediately | CG2: 1: Yes - generic template only | CH2: 1: < 4 weeks | CI2: 1: No | CJ2: 1: Unitized | CK2: 1: Yes. Describe | CL2: 1: Recordkeeper | CM2: 1: In-house system | CN2: 1: Client Level | CO2: 1: Yes | CP2: 1: Annually | CQ2: 1: Dollar per participant | CR2: 1: Yes - fees for these participants can be billed to client | CS2: 1: Partic w/balance at end of billing period | CT2: 1: Accrued daily within each participant’s account and deducted the earlier of a participant transacting within account or month end | CU2: 1: Part of the plan assets | CV2: 1: Never | CW2: 1: Pay eligible plan expenses | CX2: 1: Retained by your firm | CY2: 1: Separate line item | CZ2: 1: Not Applicable | DA2: 1: Yes - annually | DB2: 1: Monthly | DC2: 1: Client logo | DD2: 1: Next business day | DE2: 1: Yes, all services | DF2: 1: SSN | DG2: 1: Attached | DH2: 1: Do not track loans at other recordkeepers | DI2: 1: No, additional assets cannot be entered | DJ2: 1: Yes, through informational sharing files | DK2: 1: Funding is based on assets held only at our firm | DL2: 1: At any point in time | DM2: 1: Online tool | DN2: 1: Yes, with each payroll file | DO2: 1: 3 years | DP2: 1: Post notice on the online tool | DQ2: 1: Selected by the participant | DR2: 1: Plan Sponsor site, downloadable to Excel | DS2: 1: Recordkeepers open to new contributions | DT2: 1: Participant is required to furnish certificate directly to approved recordkeeper | DU2: 1: Your firm's Customer Service Representatives | DV2: 1: Fund level reporting – total balances | DW2: 1: Approve transactions with information available | DX2: 1: Customized with sponsor's branding | DY2: 1: Approve transactions with information available
A3: 2: No | B3: 2: In-house | C3: 2: Partially or entirely outside the U.S. | D3: 2: Term of contract | E3: 2: Externally by an independent third-party | F3: 2: Required | G3: 2: Individual administrative procedures only | H3: 2: Customized | I3: 2: At least once a year | J3: 2: No | K3: 2: Earlier than market close | L3: 2: Next day | M3: 2: Voice only | N3: 2: 24 | O3: 2: Process the correct portion while resolving errors | P3: 2: 24 hours | Q3: 2: Accept only | R3: 2: Voice | S3: 2: Recordkeeper will review/approve (based on safe harbor guidelines) | T3: 2: No | U3: 2: Post report or file on Plan Sponsor Website | V3: 2: Biweekly | W3: 2: Percentage from/percentage to | X3: 2: 3 - 5 days | Y3: 2: Recordkeeper will review/approve (based on safe harbor guidelines) | Z3: 2: Notify the client via email or phone | AA3: 2: Within 30 days after 1st payment missed | AB3: 2: Recordkeeper will review/approve | AC3: 2: Yes, minimum amount required | AD3: 2: Yes upon direction/approval from client | AE3: 2: Monthly | AF3: 2: Yes upon direction/approval from client | AG3: 2: Yes, with client involvement | AH3: 2: Determined by client | AI3: 2: Yes, service provided by third party partner | AJ3: 2: 1 | AK3: 2: Semiannually | AL3: 2: Within 48 hours | AM3: 2: Biweekly | AN3: 2: 7 years | AO3: 2: 2-5 years | AP3: 2: Automatically applied against current account balance only if the account balance is sufficient enough to cover the negative contribution | AQ3: 2: Post only the portion that does not exceed the limit | AR3: 2: 4 - 5 days | AS3: 2: > 95% | AT3: 2: Reamortize all loans | AU3: 2: Notice mailed to participant, no acceptance necessary | AV3: 2: No | AW3: 2: 48 hours | AX3: 2: 4 - 8 weeks | AY3: 2: 4 - 6 weeks | AZ3: 2: Yes - customized draft | BA3: 2: Detailed conversion newsletter with mapping information | BB3: 2: No | BC3: 2: No | BD3: 2: Yes, Spark II | BE3: 2: Approve transactions with manual processing to collect complete information | BF3: 2: Manual | BG3: 2: Yes, manually | BH3: 2: Can track, manual process | BI3: 2: Monthly | BJ3: 2: Funding is based on assets across all recordkeepers | BK3: 2: Call Center | BL3: 2: > 30 seconds | BM3: 2: 90 - 95% | BN3: 2: 24 - 48 hours | BO3: 2: Semi-dedicated | BP3: 2: 1 - 3 years | BQ3: 2: 97% - 98% | BR3: 2: Customized banner | BS3: 2: 2 years | BT3: 2: No | BU3: 2: Within the next 3 months | BV3: 2: 97% - 98% | BW3: 2: Limited transaction capability | BX3: 2: Associate Degree (2 year) | BY3: 2: 1-2 years | BZ3: 2: 16 - 25 clients | CA3: 2: 6 - 10 years | CB3: 2: Semiannually | CC3: 2: Semiannually | CD3: 2: Report the change in participation, allocation and transaction volume before and after the campaign | CE3: 2: 2 years | CF3: 2: within 2-4 hours | CG3: 2: Yes - customized draft | CH3: 2: 4 weeks | CI3: 2: With a RIA | CJ3: 2: Model construct | CK3: 2: No | CL3: 2: Client | CM3: 2: Financial Engines | CN3: 2: Participant Level | CO3: 2: No | CP3: 2: Quarterly | CQ3: 2: Basis points | CR3: 2: Yes - fees for these participants can be waived | CS3: 2: Elig + termed w/balance at end of billing period | CT3: 2: Accrued and deducted at month end | CU3: 2: Bookkeeping arrangement | CV3: 2: As requested by client | CW3: 2: Allocate to participants | CX3: 2: Allocated to participants | CY3: 2: Netted with earnings | CZ3: 2: Quarterly | DA3: 2: Yes – other frequency | DB3: 2: Quarterly | DC3: 2: Client color scheme | DD3: 2: 2-5 business days | DE3: 2: Yes, some services | DF3: 2: Other identifier | DG3: 2: Not provided | DH3: 2: Can track, manual process | DI3: 2: Yes | DJ3: 2: Yes, through file sharing and requesting payment processing | DK3: 2: Funding is based on assets across all active frozen recordkeepers | DL3: 2: At month end | DM3: 2: Request from client team | DN3: 2: Yes, at year end | DO3: 2: 5 years | DP3: 2: Mail paper notice to active participants | DQ3: 2: Determined by client (same time for all) | DR3: 2: Plan Sponsor site, printable version | DS3: 2: Plans open to new contributions | DT3: 2: Initiated through master recordkeeping tool | DU3: 2: The financial advisor associated with the plan(s), if applicable | DV3: 2: Money type reporting – total balances | DW3: 2: Approve transactions with manual processing to collect complete information | DX3: 2: Co-branding | DY3: 2: Approve transactions with manual processing to collect complete information
B4: 3: Partially Outsourced | D4: 3: > 3 years | G4: 3: Both | H4: 3: Both (Portions are customized) | I4: 3: Only when there is a plan change or administrative policy change | J4: 3: Upon request only | L4: 3: Real-time | M4: 3: Yes, both | N4: 3: 26 | O4: 3: Other | P4: 3: 48 hours | Q4: 3: Initiate only | R4: 3: Call center representative | S4: 3: Both options are available | T4: 3: Only for balances that are eligible for distribution | U4: 3: Email to Plan Sponsor | V4: 3: Weekly | W4: 3: Dollar from/dollar to | X4: 3: 2 days or less | Y4: 3: Both options are available | Z4: 3: Reflect on report available for client review | AA4: 3: Within 60 days after 1st payment missed | AB4: 3: Both options are available | AC4: 3: No | AD4: 3: Yes without client involvement | AE4: 3: Quarterly | AF4: 3: Yes without client involvement | AG4: 3: No | AH4: 3: Determined by recordkeeper | AI4: 3: No | AJ4: 3: 2 | AK4: 3: Quarterly | AL4: 3: Within 24 hours | AM4: 3: Weekly | AN4: 3: Life of client engagement | AO4: 3: Over 5 years | AP4: 3: Processed separately and applied against current account balance only if the account balance is greater than $0 (assumes all or a portion of the negative contribution may be applied) | AQ4: 3: The contribution errors out and does not post | AR4: 3: 6 - 10 days | AS4: 3: > 90% | AU4: 3: Notice mailed to participant, acceptance required | AV4: 3: Only if in electronic format | AW4: 3: 3-5 days | AX4: 3: 9 - 11 weeks | AY4: 3: 7 - 8 weeks | AZ4: 3: No | BA4: 3: "Go live" announcement | BB4: 3: SDBA services not available | BC4: 3: Administration manual not available | BD4: 3: No | BE4: 3: Require plan sponsor approval | BG4: 3: No | BH4: 3: Can track, automated process | BI4: 3: Quarterly | BK4: 3: Phone Response System | BL4: 3: 21 - 30 seconds | BM4: 3: 85 - 90% | BN4: 3: Within 24 hours | BO4: 3: Take calls for any client | BP4: 3: 4 - 5 years | BQ4: 3: 95% - 96% | BR4: 3: Optional color schemes / artwork | BS4: 3: 3 years | BT4: 3: N/A | BU4: 3: Within the next 6 months | BV4: 3: 95% - 96% | BW4: 3: Full transaction capability | BX4: 3: Bachelor Degree (4 year) | BY4: 3: 3-5 years | BZ4: 3: 10 - 15 clients | CA4: 3: 10 - 20 years | CB4: 3: Quarterly | CC4: 3: Quarterly | CD4: 3: Other | CE4: 3: 3 years | CF4: 3: within 24 hours | CG4: 3: No | CH4: 3: 6 weeks | CI4: 3: Yes | CJ4: 3: Both | CL4: 3: N/A | CM4: 3: Morningstar | CN4: 3: Not Offered | CO4: 3: N/A | CP4: 3: Upon request | CQ4: 3: Combination asset based + dollars | CR4: 3: Yes – fees for these participants can be different than the other participants | CS4: 3: Anyone w/balance or activity during billing period | CT4: 3: Accrued monthly and deducted the following month end | CV4: 3: Annually | CW4: 3: Offset gross fees and then allocate any excess to participants | CX4: 3: Rolls over to the next year & continues to be available | CZ4: 3: Semiannually | DA4: 3: No | DB4: 3: Semi-annually | DC4: 3: Client theme | DD4: 3: 6-10 business days | DE4: 3: No | DF4: 3: Either available | DJ4: 3: No | DL4: 3: At quarter end | DN4: 3: No | DO4: 3: 7 years | DP4: 3: Provide email to participants with emails on file | DQ4: 3: Determined by recordkeeper (same time for all) | DR4: 3: Request from our firm | DS4: 3: Recordkeepers frozen to new contributions | DU4: 3: The plan sponsor | DV4: 3: Fund and money type reporting – total balances | DW4: 3: Require plan sponsor approval | DX4: 3: Our firms colors / brand only | DY4: 3: Require plan sponsor approval
B5: 4: Fully Outsourced | D5: 4: 3 years | G5: 4: Neither | I5: 4: Less frequently than annually | M5: 4: No | N5: 4: 52 | P5: 4: > 48 hours | Q5: 4: Both initiate and accept | R5: 4: Paper form | V5: 4: Daily | W5: 4: Shares from/shares to | Z5: 4: Reject loan repayment | AA5: 4: Within 90 days after 1st payment missed | AE5: 4: Semi-annually | AH5: 4: N/A | AJ5: 4: 3 | AK5: 4: Monthly | AL5: 4: Immediately | AM5: 4: Daily | AN5: 4: Indefinitely | AO5: 4: Life of client engagement | AP5: 4: The client is contacted for specific directions | AR5: 4: > 10 days | AS5: 4: > 85% | AX5: 4: 12 weeks | AY5: 4: 9 - 10 weeks | BC5: 4: Administration manual not created at conversion process but available after conversion | BE5: 4: Other: | BI5: 4: Semi-annually | BK5: 4: Mobile | BL5: 4: 11 - 20 seconds | BM5: 4: 80 - 85% | BP5: 4: 6 - 7 years | BQ5: 4: 90% - 94% | BR5: 4: Fully customizable | BS5: 4: > 3 years | BU5: 4: Within the next year | BV5: 4: 90% - 94% | BX5: 4: Other | BY5: 4: > 5 years | BZ5: 4: < 10 clients | CA5: 4: 20+ years | CB5: 4: Less than annually | CC5: 4: As needed | CD5: 4: We do not measure the success of each communication campaign | CE5: 4: > 3 years | CF5: 4: within 48 hours | CH5: 4: 8 weeks | CM5: 4: ProManage | CP5: 4: Less than annually | CR5: 4: No | CS5: 4: Anyone w/balance or activity during calendar year | CT5: 4: Accrued and deducted at quarter end | CV5: 4: Semiannually | CX5: 4: Other | CZ5: 4: Annually | DA5: 4: Upon client request only | DB5: 4: Annually | DC5: 4: Custom messaging from State | DD5: 4: >10 business days | DL5: 4: Semi-annually | DO5: 4: 10 years | DQ5: 4: N/A | DS5: 4: Frozen plans | DV5: 4: Fund level reporting – vested balances | DW5: 4: Other: [ Fill in answer here ] | DX5: 4: Provide a brief explanation of the level of customization that is possible. [ Fill in answer here ] | DY5: 4: Other: [ Fill in answer here ]
D6: 5: 2 years | N6: 5: 104 | R6: 5: Mobile App | V6: 5: At client's request | AA6: 5: Other | AE6: 5: Annually | AJ6: 5: >3 | AK6: 5: Other | AM6: 5: Other | AO6: 5: Indefinitely | AP6: 5: Will not accept negative contributions on payroll files. | AS6: 5: 85% or less | AX6: 5: 13 weeks | AY6: 5: 11 - 12 weeks | BI6: 5: Annually | BL6: 5: 1 - 10 seconds | BM6: 5: < 80% | BP6: 5: > 7 years | BQ6: 5: < 90% | BU6: 5: > 1 year from now | BV6: 5: < 90% | CC6: 5: Less than annually | CF6: 5: > 48 hours | CH6: 5: 10 weeks | CM6: 5: ProNvest | CR6: 5: Other | CS6: 5: Other | CT6: 5: Accrued quarterly and deducted the following month end | CV6: 5: Quarterly | CZ6: 5: Biennially | DC6: 5: Portfolio rate of return | DL6: 5: Annually | DO6: 5: Longer than 10 years | DV6: 5: Money type reporting – vested balances
D7: 6: 1 year | N7: 6: Unlimited | AE7: 6: As requested by client | AX7: 6: 14 weeks | AY7: 6: > 12 weeks | BM7: 6: Information not available | BU7: 6: N/A | CH7: 6: 12 weeks | CM7: 6: Guided Choice | CT7: 6: Other | CZ7: 6: Other | DC7: 6: All of the above | DL7: 6: Not available | DV7: 6: Fund and money type reporting – vested balances
D8: 7: < 1 year | N8: 7: Varies by case | AX8: 7: 15 weeks | CH8: 7: > 12 weeks | CM8: 7: MasteryPOINT | DC8: 7: None of the above | DV8: 7: Other: [ Fill in answer here ]
D9: 8: No early termination fee | AX9: 8: 16 weeks | CM9: 8: Other:
AX10: 9: > 16 weeks | CM10: 9: None of the above
